 Dungeon Crawl Stone Soup version 0.29-a0-371-g91724d5b39 (webtiles) character file.

Game seed: 10893006464508044174

44 Jox the Grave Robber (level 3, -3/26 HPs)
             Began as a Ghoul Necromancer on May 3, 2022.
             Slain by an orc
             ... wielding a +0 club
              (5 damage)
             ... on level 2 of the Dungeon.
             The game lasted 00:12:52 (1517 turns).

Jox the Grave Robber (Ghoul Necromancer)            Turns: 1517, Time: 00:12:53

Health: -3/26      AC:  3    Str: 11    XL:     3   Next: 60%
Magic:  4/5        EV: 11    Int: 12    God:
Gold:   81         SH:  0    Dex:  9    Spells: 5/6 levels left

rFire   . . .      SeeInvis .   (no weapon)
rCold   + . .      Faith    .   (no shield)
rNeg    + + +      Spirit   .   h - +0 leather armour
rPois   ∞          Reflect  .   (no helmet)
rElec   .          Harm     .   (no cloak)
rCorr   .          Rampage  .   (no gloves)
Will    .....                   (no boots)
Stlth   +.........              (no amulet)
HPRegen 0.00/turn               (no ring)
MPRegen 0.09/turn               (no ring)

@: inhibited regen
A: claws 1, cold resistance 1, negative energy resistance 3, inhibited
regeneration, torment resistance 2, devour on kill
a: no special abilities


You were on level 2 of the Dungeon.
You visited 1 branch of the dungeon, and saw 2 of its levels.

You collected 81 gold pieces.

Inventory:

Hand Weapons
 c - a +0 falchion
 f - a +0 vampiric dagger
Armour
 a - a +0 robe
 h - a +0 leather armour (worn)
Scrolls
 d - a scroll of teleportation {unknown}
 e - 2 scrolls of noise {unknown}
Potions
 b - a potion of magic
 g - 2 potions of berserk rage {unknown}


   Skills:
 + Level 2.0 Dodging
 + Level 2.2 Stealth
 + Level 0.9 Unarmed Combat
 + Level 2.2 Spellcasting
 + Level 4.6 Necromancy


You had 5 spell levels left.
You knew the following spells:

 Your Spells              Type           Power      Damage    Failure   Level
a - Pain                  Necr           48%        1d6       5%          1

Your spell library contained the following spells:

 Spells                   Type           Power      Damage    Failure   Level
 Animate Skeleton         Necr           24%        N/A       5%          1
 Vampiric Draining        Necr           12%        2d6       16%         3
 Freeze                   Ice            4%         1d3       34%         1
 Animate Dead             Necr           6%         N/A       45%         4
 Frozen Ramparts          Ice            2%         1d2       71%         3
 Agony                    Necr           12%        N/A       82%         5
 Hailstorm                Conj/Ice       1%         3d3       98%         4


Dungeon Overview and Level Annotations

Branches:
Dungeon (2/15)

Altars:


Innate Abilities, Weirdness & Mutations

You are immune to poison.
You have sharp fingernails.
Your flesh is cold resistant. (rC+)
You are immune to negative energy. (rN+++)
You do not regenerate when monsters are visible.
You are immune to unholy pain and torment.
You thrive by killing the living.


Message History

Aim: an orc wizard, wielding a +0 dagger and wearing a +0 robe (chance to affect: 67%)
The orc barely resists.
A kobold comes into view. It is wielding a +0 dagger.
Casting: Pain (safe; 5% risk of failure)
Confirm with . or Enter, or press ? or * to list all spells.
You don't have enough magic to cast this spell.
You barely miss the orc.
The orc is heavily wounded.
The orc hits you but does no damage.
You scratch the orc but do no damage.
The orc is heavily wounded.
The orc hits you with a +0 mace.
You closely miss the orc.
The orc is heavily wounded.
The orc hits you with a +0 mace!
You scratch the orc.
You kill the orc!
You feel better.
There is a stone staircase leading up here.
You climb upwards.
There is a stone staircase leading down here.
There is a stone staircase leading down here.
You climb downwards.
The orc wizard casts a spell.
The orc wizard flickers and vanishes!
Deactivating autopickup; reactivate with Ctrl-A.
The orc hits you with a +0 mace. x2; Something hits you.
There is a stone staircase leading up here.
Casting: Pain (safe; 5% risk of failure)
Confirm with . or Enter, or press ? or * to list all spells.
Aiming: Pain (safe; 5% risk of failure)
Press: ? - help, Shift-Dir - straight line, f - kobold
Aim: a kobold, wielding a +0 dagger (chance to affect: 81%)
The kobold barely resists.
The kobold closely misses you. Something hits you but does no damage.
The orc hits you with a +0 mace.
* * * LOW HITPOINT WARNING * * *
The kobold barely misses you. The orc hits you with a +0 mace.
* * * LOW HITPOINT WARNING * * *
Something hits you but does no damage. The orc hits you with a +0 club.
You die...

. ............ #.
.)....#.....
#.###..........
#.............. #
.##....r........#####.#
.........# #.......### ##
.....##)######.....†....
....###..oK{^......<.......
.........o@######..........
....###.##.# #.##..###+####
...<...†.†.# #.##..#
.........#.# #.##..#
.#.........# #†...##
#..##..######.#.##
#......†......#.#
#...#..######.#.# ##..#..#
#.#.#


You could see 2 orcs, a kobold and a rat.

Vanquished Creatures
  2 dart slugs
  2 orcs (D:2)
  7 bats
  7 endoplasms (D:1)
  4 giant cockroaches
  A goblin (D:1)
  2 hobgoblins (D:1)
  2 kobolds (D:1)
  A quokka (D:1)
  4 ball pythons (D:1)
  A frilled lizard (D:1)
  A rat (D:1)
34 creatures vanquished.

Vanquished Creatures (others)
  2 plants (D:1)
2 creatures vanquished.

Grand Total: 36 creatures vanquished

Notes
Turn   | Place    | Note
-------+----------+-------------------------------------------
     0 | D:1      | Jox the Ghoul Necromancer began the quest for the Orb.
     0 | D:1      | Reached XP level 1. HP: 14/14 MP: 2/2
   204 | D:1      | Reached XP level 2. HP: 19/20 MP: 0/3
   839 | D:1      | Reached XP level 3. HP: 26/26 MP: 2/5
  1517 | D:2      | Slain by an orc

Illustrated notes

Levels and vault maps discovered:
D:1:      minmay_arrival_cross, layout_loops_corners, serial_forest,
          infiniplex_forest_lined_room_, infiniplex_forest_lined_ring,
          infiniplex_forest_lined_3, infiniplex_forest_clump_tiny,
          infiniplex_forest_clump_long, infiniplex_forest_lined_corner,
          infiniplex_forest_corner_2, infiniplex_forest_straight_2,
          infiniplex_forest_lined_1
D:2:      layout_basic, basic_altar, hellmonk_ecumenical_altar_zigzags,
          hex_tiny, uniq_jessica

Skill      XL: |  1  2  3 |
---------------+----------+-----
Spellcasting   | 2 |  2.2
Dodging        | 2 |  2.0
Stealth        | |  2.2
Unarmed Combat | |  0.9
Necromancy     | |  4.6

Action                   || total
-------------------------++-------
Melee: Unarmed           ||    55
       Punch             ||     1
 Cast: Pain              ||    63
Armor: Robe              ||     2
       Leather armour    ||     5
Dodge: Dodged            ||    17

Table legend: (Time is in decaauts)
 A = Elapsed time spent in this place.
 B = Non-inter-level travel time spent in this place.
 C = Inter-level travel time spent in this place.
 D = Time resting spent in this place.
 E = Time spent auto-exploring this place.
 F = Levels seen in this place.
 G = Mean time per level.
                   A        B        C        D        E       F      G
               +--------+--------+--------+--------+--------+-----+--------+
         Total |   1517 |   1517 |      0 |      0 |   1074 |   2 |  758.5 |
       Dungeon |   1517 |   1517 |      0 |      0 |   1074 |   2 |  758.5 |
               +--------+--------+--------+--------+--------+-----+--------+

Top non-repeatable levels by time:
     D:1: 1342 daAuts
     D:2: 175 daAuts
